Map: Temple gelé

Players

mysterium - Winner!

  • Race: Terran Terran
  • League: Gold
  • Spawn Location: 5:00

zidar

  • Race: Zerg Zerg
  • League: Platinum
  • Spawn Location: 11:00

VOD

Have the link to the VOD?

Description

Time

  • Played on: Oct. 12, 2016, 2:29 p.m.
  • Length: 11:02
Show
View Real Time Build Order
Export as new Build Order

mysterium Terran - Winner!

Build Orders: Gas First Reaper Expand 

Get SALT Encoding   

  12  0:01  SCV  
  13  0:13  SCV  
  14  0:19  Supply Depot  
  14  0:25  SCV  
  15  0:31  Refinery  
  15  0:41  SCV  
  16  0:47  Barracks  
  16  0:53  SCV  
  17  1:05  SCV  
  18  1:17  SCV  
  19  1:33  Orbital Command  
  19  1:35  Reaper  
  20  1:46  Command Center  
  20  2:00  SCV  
  21  2:09  Factory  
  21  2:12  SCV  
  22  2:25  SCV  
  23  2:30  Barracks  
  23  2:31  Supply Depot  
  23  2:35  Supply Depot  
  23  2:52  Marine, SCV  
  24  3:04  SCV  
  25  3:07  Factory Tech Lab  
  25  3:08  Refinery  
  25  3:10  Marine  
  26  3:15  Orbital Command  
  26  3:22  SCV  
  26  3:26  Siege Tank  
  30  3:28  Marine  
  31  3:34  Barracks, SCV  
  31  3:37  Barracks Tech Lab  
  31  3:40  Starport  
  32  3:41  SCV  
  32  3:46  SCV  
  34  3:56  Marine  
  34  3:58  SCV  
  34  4:00  Marauder  
  38  4:03  SCV  
  39  4:10  SCV  
  39  4:13  Siege Tank  
  39  4:15  SCV  
  44  4:23  SCV  
  44  4:37  SCV  
  44  4:38  SCV  
  46  4:42  Marine  
  46  4:44  Barracks Reactor  
  48  4:49  SCV  
  48  4:50  SCV  
  48  4:52  Barracks  
  49  4:59  Barracks Tech Lab  
  49  5:00  Marauder  
  49  5:01  SCV  
  49  5:02  SCV  
  53  5:10  Refinery  
  53  5:11  Refinery  
  53  5:13  SCV  
  54  5:28  Supply Depot  
  54  5:31  Supply Depot  
  54  5:32  Supply Depot  
  54  5:33  Starport Reactor  
  54  5:49  Stimpack  
  54  5:50  Marine x2, Marauder x2, SCV  
  54  5:53  SCV  
  62  6:02  SCV  
  63  6:05  SCV  
  63  6:07  Marine x2  
  66  6:11  Command Center  
  66  6:12  Marauder x2  
  66  6:15  Supply Depot  
  70  6:25  Marine x2  
  70  6:26  SCV  
  70  6:27  SCV  
  74  6:33  Barracks Reactor  
  74  6:36  Marauder x2  
  74  6:39  SCV x2  
  80  6:43  Marine  
  81  6:48  Marine  
  81  6:52  SCV  
  81  6:53  SCV  
  84  6:57  Marauder, Supply Depot  
  84  6:58  Supply Depot  
  86  7:01  Supply Depot  
  86  7:18  Marine x6, SCV x2  
  86  7:20  Medivac x2  
  86  7:21  Engineering Bay  
  86  7:22  Engineering Bay  
  98  7:29  Orbital Command  
  98  7:32  SCV x2  
  101  7:44  SCV  
  101  7:50  Combat Shield, Medivac x2  
  105  7:57  SCV x3  
  108  8:04  Marine x2  
  108  8:05  Marine x2, Marauder x2  
  115  8:09  Command Center, SCV  
  117  8:16  Terran Infantry Weapons Level 1  
  117  8:17  Terran Infantry Armor Level 1  
  117  8:22  Marine x2  
  117  8:23  Marine  
  117  8:26  Marauder  
  124  8:27  Marauder  
  124  8:31  Marine  
  125  8:50  Supply Depot x2  
  125  8:56  Starport  
  125  9:11  Marine x5  
  125  9:12  Marauder  
  125  9:14  Supply Depot  
  125  9:15  Supply Depot  
  96  9:29  Marine x4, Marauder  
  102  9:33  Marauder  
  102  9:38  Starport Reactor, Supply Depot  
  104  9:41  Siege Tank  
  104  9:44  Barracks x2  
  104  9:45  Barracks  
  104  9:47  Marine x4  
  104  9:51  Marauder  
  106  9:54  Marauder  
  108  10:04  Marine x4  
  112  10:12  Marauder  
  114  10:15  Medivac x4  
  114  10:16  Marauder  
  124  10:22  Marine x4  
  124  10:23  Refinery  
  124  10:25  Refinery  
  124  10:27  Orbital Command  
  128  10:34  Marauder  
  133  10:37  Marauder  
  133  10:40  Marine x4  
Show
View Real Time Build Order
Export as new Build Order

zidar Zerg 

Build Orders: Hatch First, Muta Ling Bane 

Get SALT Encoding   

  12  0:01  Drone  
  13  0:12  Overlord  
  13  0:17  Drone  
  14  0:31  Drone x2  
  16  0:52  Hatchery  
  16  0:55  Drone  
  16  0:58  Extractor  
  16  1:00  Drone  
  16  1:16  Drone  
  17  1:23  Spawning Pool  
  16  1:27  Drone  
  16  1:31  Drone  
  18  1:37  Drone  
  19  1:49  Drone  
  20  1:55  Overlord  
  20  2:11  Queen x2  
  20  2:13  Zergling x2  
  24  2:19  Zergling x2  
  25  2:23  Zergling x2  
  25  2:56  Metabolic Boost  
  25  2:59  Extractor  
  25  3:02  Lair  
  24  3:05  Drone x4  
  24  3:06  Drone x2  
  24  3:12  Pneumatized Carapace  
  30  3:21  Drone  
  30  3:25  Drone x4  
  35  3:39  Overlord  
  35  3:40  Overlord  
  35  4:10  Evolution Chamber  
  35  4:12  Evolution Chamber  
  35  4:13  Zergling x2  
  35  4:14  Zergling x6  
  35  4:15  Zergling x2  
  36  4:49  Baneling Nest  
  36  4:50  Zerg Melee Weapons Level 1  
  36  4:51  Zerg Ground Armor Level 1  
  35  4:54  Drone x3  
  35  4:56  Drone x6  
  35  4:57  Queen  
  46  5:00  Overlord x3  
  46  5:22  Spire  
  46  5:26  Zergling x2  
  46  5:27  Zergling x10  
  51  5:32  Centrifical Hooks  
  51  5:35  Baneling x3  
  51  5:55  Zergling x14  
  58  6:04  Baneling x7  
  58  6:10  Hatchery  
  57  6:16  Extractor  
  56  6:20  Extractor  
  55  6:30  Drone x8  
  63  6:43  Zerg Flyer Weapons Level 1  
  63  6:52  Queen  
  65  7:07  Zergling x4  
  65  7:08  Zergling x10  
  71  7:13  Mutalisk  
  71  7:14  Mutalisk  
  76  7:19  Overlord x3  
  76  7:20  Overlord  
  76  7:23  Overseer  
  76  7:31  Drone x2  
  76  7:32  Drone  
  79  7:38  Drone x5  
  84  8:05  Zerg Ground Armor Level 2, Zerg Melee Weapons Level 2  
  84  8:15  Overlord x2  
  84  8:16  Overlord  
  84  8:27  Drone x3  
  85  8:31  Drone x10  
  85  8:32  Drone  
  85  8:33  Drone x4  
  102  8:43  Overseer  
  102  8:52  Extractor  
  102  8:53  Drone  
  102  8:54  Extractor  
  101  9:07  Infestation Pit  
  74  9:22  Zergling x30  
  74  9:23  Zergling x6  
  69  9:52  Zergling x12  
  52  10:20  Baneling x6  
  50  10:22  Mutalisk  
  50  10:23  Mutalisk x4  
  60  10:31  Zergling x2  
  60  10:43  Hatchery  
Tags
 
Add a new tag
Caveats
  • Supply blocks, unpowered buildings, or Contaminate may cause inaccurate times.
  • Supply counts are checked every 10 seconds.